 Dungeon Crawl Stone Soup version bcrawl-1.37.1 (webtiles) character file.

Game seed: 7871097528452083928

100562 Mehrunes the Firebug (level 3, -3/26 HPs)
             Began as a Demigod Fire Elementalist on Oct 22, 2022.
             Slain by a sky beast (5 damage)
             ... on level 3 of the Dungeon.
             The game lasted 00:04:05 (2235 turns).

Mehrunes the Firebug (Demigod Fire Elementalist)    Turns: 2235, Time: 00:04:05

Health: -3/26      AC:  2    Str: 14    XL:     3   Next: 94%
Magic:  6/8        EV: 12    Int: 19    God:    Demigod [*.....]
Gold:   96         SH:  0    Dex: 17    Spells: 1/5 levels left

rFire    . . .     GDR:     28% l - +2 falchion (elec)
rCold    . . .     SeeInvis .   (no shield)
rNeg     . . .     Gourm    .   a - +0 robe
rPois    .         Faith    .   (no helmet)
rElec    .         Spirit   .   (no cloak)
rCorr    .         Reflect  .   (no gloves)
MR       +....                  (no boots)
Stlth    ..........             (no amulet)
HPRegen  0.14/turn              g - ring "Camazaru" {MR+ Stlth--} (curse)
MPRegen  0.11/turn              (no ring)

@: no status effects
A: high mp 1
a: Temporal Distortion


You were on level 3 of the Dungeon.
You worshipped Demigod.
Demigod was aware of your devotion.
You were not hungry.

You visited 1 branch of the dungeon, and saw 3 of its levels.

You collected 96 gold pieces.

Inventory:

Hand Weapons
 l - a +2 falchion of electrocution (weapon)
Missiles
 d - 213 stones (quivered)
 f - 477 sling bullets
Armour
 a - a +0 robe (worn)
 n - a +0 cloak
Jewellery
 g - the cursed ring "Camazaru" (left hand) {MR+ Stlth--}
   (You found it on level 1 of the Dungeon)

   [ring of attention]

   It affects your resistance to hostile enchantments.
   It makes you much less stealthy.
   It has a curse placed upon it.
Wands
 c - a wand of flame (4)
Scrolls
 b - 2 scrolls of magic mapping {unknown}
 i - 2 scrolls of identify
 k - 2 scrolls of amnesia {unknown}
 m - a scroll of enchant armour {unknown}
 q - a scroll of remove curse {unknown}
 r - a scroll of noise {unknown}
Potions
 h - 5 potions of curing {unknown}
 j - a potion of agility {unknown}
 o - a potion of ambrosia {unknown}
 p - a potion of lignification {unknown}
Comestibles
 e - 5 rations {!d}
 s - a chunk of flesh


   Skills:
 - Level 1.7 Dodging
 - Level 2.0 Stealth
 - Level 1.7 Spellcasting
 + Level 2.4 Conjurations
 + Level 3.6 Fire Magic


You had one spell level left.
You knew the following spells:

 Your Spells              Type           Power        Failure   Level  Hunger
a - Flame Tongue          Conj/Fire      ##...        4%          1    None
b - Conjure Flame         Conj/Fire      ##......     14%         3    ####...

Your spell library contained the following spells:

 Spells                   Type           Power        Failure   Level  Hunger
 Flaming Arrows           Chrm/Fire      #.......     12%         2    ###....
 Inner Flame              Hex/Fire       N/A          24%         3    ####...
 Sticky Flame             Conj/Fire      ##......     43%         4    ######.
 Fireball                 Conj/Fire      ##........   80%         5    #######


Dungeon Overview and Level Annotations

Branches:
Dungeon (3/12)


Innate Abilities, Weirdness & Mutations

You have an increased reservoir of magic. (+10% MP)


Message History

Confirm with . or Enter, or press ? or * to list all spells.
Aiming: Conjure Flame (safe; 14% risk of failure)
Press: ? - help, Dir - move target cursor The fire ignites!
Something hits you but does no damage. Something hits you.
Something shocks you.
Casting: Conjure Flame (safe; 14% risk of failure)
Confirm with . or Enter, or press ? or * to list all spells.
You can't see any susceptible monsters within range! (Use Z to cast anyway.)
Something hits you. Something shocks you.
Some of the chunks of flesh in your inventory have rotted away.
You hit something. Something hits you. Something shocks you.
* * * LOW HITPOINT WARNING * * *
A sky beast appears from thin air!
Reactivating autopickup.
The sky beast hits you.
* * * LOW HITPOINT WARNING * * *
The sky beast shocks you.
You die...
Your divinity fades.

. ....# #. #.#.#
#.##.#.# #....#.##
#.....## #
#.#..#.## #.
#รท......#
####..#####..#...##
.......<......Y@##
###.#.#####..##.# #
#..##.## #..#...#
........:.....#
{...##...######
###.###.## #.# #.#
#.#


You could see a sky beast.

Vanquished Creatures
  2 adders (D:3)
  A worm (D:2)
  A leopard gecko (D:1)
  2 ball pythons
  3 bats
  A giant cockroach (D:1)
  7 hobgoblins
  A quokka (D:2)
  8 frilled lizards
  8 goblins
  6 kobolds
  3 rats
43 creatures vanquished.

Notes
Turn   | Place    | Note
-------+----------+-------------------------------------------
     0 | D:1      | Mehrunes the Demigod Fire Elementalist began the quest for
                  | the Orb.
     0 | D:1      | Reached XP level 1. HP: 14/14 MP: 5/5
    40 | D:1      | Reached skill level 1 in Conjurations
    91 | D:1      | Got an ancient tin ring
   127 | D:1      | Identified the cursed ring "Camazaru" {MR+ Stlth--} (You
                  | found it on level 1 of the Dungeon)
   211 | D:1      | Reached skill level 3 in Fire Magic
   211 | D:1      | Reached XP level 2. HP: 16/20 MP: 1/7
  1233 | D:2      | Found a hide-covered altar of Uskayaw.
  1395 | D:2      | Reached XP level 3. HP: 26/26 MP: 3/8
  1516 | D:2      | Learned a level 3 spell: Conjure Flame
  1734 | D:2      | Reached * piety under Demigod
  2224 | D:3      | Noticed a sky beast
  2235 | D:3      | Slain by a sky beast

Skill      XL: |  1  2 |
---------------+-------+-----
Conjurations   | 1 2 |  2.4
Fire Magic     | 3 |  3.6
Dodging        | |  1.7
Stealth        | |  2.0
Spellcasting   | |  1.7

Action                   || total
-------------------------++-------
Melee: Unarmed           ||     1
       Falchion          ||     6
 Cast: Flame Tongue      ||    78
       Conjure Flame     ||     1
  Eat: Chunk             ||     6
Armor: Robe              ||     3
Dodge: Dodged            ||    21
